 Dungeon Crawl Stone Soup version 0.32-a0-928-g1cae6b7ea0 (webtiles) character file.

Game seed: 1667036809478150451

47 bananaken the Digger (level 3, 0/20 HPs)
             Began as a Gargoyle Earth Elementalist on Apr 12, 2024.
             Slain by Sigmund
             ... wielding a +0 scythe
              (5 damage)
             ... on level 2 of the Dungeon.
             The game lasted 00:04:40 (1145 turns).

bananaken the Digger (Gargoyle Earth Elementalist)  Turns: 1145, Time: 00:04:40

Health: 0/20       AC:  7    Str: 11    XL:     3   Next: 70%
Magic:  7/7        EV: 11    Int: 17    God:
Gold:   71         SH:  0    Dex: 10    Spells: 2/6 levels left

rFire   . . .        e - +0 dagger
rCold   . . .        (no shield)
rNeg    + . .        a - +0 robe
rPois   ∞            c - +0 helmet
rElec   +            (no cloak)
rCorr   .            (no gloves)
SInv    .            (no boots)
Will    .....        (no amulet)
Stlth   ++           (no ring)
HPRegen 0.23/turn    (no ring)
MPRegen 0.10/turn

%: no passive effects
@: brilliant, about to teleport
A: sickness immunity, AC +3, negative energy resistance 1, electricity
resistance, torment resistance 1, petrification resistance, high MP 1, robust 1,
shaggy fur 1
a: no special abilities


You were on level 2 of the Dungeon.
You visited 1 branch of the dungeon, and saw 2 of its levels.

You collected 71 gold pieces.

Inventory:

Hand Weapons
 e - a +0 dagger (weapon)
 f - a +0 sling
Missiles
 g - 12 stones
Armour
 a - a +0 robe (worn)
 c - a +0 helmet (worn)
Scrolls
 h - a scroll of poison {unknown}
 j - a scroll of blinking {unknown}
 l - a scroll of silence {unknown}
 m - a scroll of fog {unknown}


   Skills:
 + Level 0.0 Fighting
 + Level 1.1 Short Blades
 - Level 1.5 Dodging
 - Level 2.1 Stealth
 + Level 2.4 Spellcasting
 + Level 2.1 Conjurations
 + Level 4.1 Earth Magic


You had 2 spell levels left.
You knew the following spells:

 Your Spells              Type           Power      Damage    Failure   Level
a - Sandblast             Erth           48%        2d12      3%          1
b - Stone Arrow           Conj/Erth      38%        3d9       16%         3

Your spell library contained the following spells:

 Spells                   Type           Power      Damage    Failure   Level
 Passwall                 Erth           24%        N/A       10%         3
 Brom's Barrelling Bould  Conj/Erth      19%        2d4       45%         4
 Inner Flame              Hex/Fire       3%         N/A       50%         3
 Petrify                  Alch/Erth      13%        N/A       61%         4
 Flame Wave               Conj/Fire      8%         2d5       75%         4
 Sticky Flame             Fire/Alch      3%         2d4       88%         4


Dungeon Overview and Level Annotations

Branches:
Dungeon (2/15)

Altars:
Qazlal

Annotations:
D:2 Sigmund


Innate Abilities, Weirdness & Mutations

You are immune to sickness and miasma.
Your stone body is resilient. (AC +3)
You are immune to poison.
You resist negative energy. (rN+)
You are resistant to electric shocks. (rElec)
You are resistant to unholy torment.
You are immune to petrification.
You have an increased reservoir of magic. (+10% MP)
You are robust. (+10% HP)
You are covered in fur. (AC +1)


Message History

Sigmund the Dreaded comes into view.
He is wielding a +0 scythe and wearing a +2 robe of willpower.
Casting: Sandblast (safe; 3% risk of failure)
Confirm with . or Enter, or press ? or * to list all spells.
Okay, then.
You aren't carrying any items that you can evoke.
It was a potion of mutation.
You feel extremely strange.
You feel more energetic. Fur sprouts all over your body.
You feel robust.
It was a potion of brilliance.
You feel clever all of a sudden.
You aren't carrying any items that you can evoke.
Sigmund shouts!
Okay, then.
Casting: Sandblast (safe; 3% risk of failure)
Confirm with . or Enter, or press ? or * to list all spells.
Aiming: Sandblast (safe; 3% risk of failure)
Press: ? - help, Shift-Dir - straight line, f - Sigmund
Aim: Sigmund, wielding a +0 scythe and wearing a +2 robe of willpower (81% to hit)
You feel a surge of power!
The blast of sand hits Sigmund.
Sigmund is lightly wounded.
Sigmund points at you and mumbles some strange words.
You are confused.
Unknown command.
Okay, then.
Found 11 gold pieces.
Sigmund gestures wildly while chanting.
Sigmund flickers and vanishes!
Deactivating autopickup; reactivate with Ctrl-A.
You barely miss something. Something hits you.
You completely miss something. You closely miss something. Something hits you!
Ouch! That really hurt!
Unknown command.
Magic courses through your body. Something hits you.
* * * LOW HITPOINT WARNING * * *
Unknown command.
You feel less confused.
As you read the scroll labelled XIOVAR OGUSK, it crumbles to dust.
You feel strangely unstable.
It was a scroll of teleportation.
Something hits you.
You die...

#.##.............#
#.##.###.........#
#########.##.#
#.........#
..........)..#
#.........#
#####...######.........#
#.### #...#######..#
#.#####.#.......$
#.##.............
#......@......#
#..#.###.####.# #..#.#
#.# #.# #..#.# #.#
#.#### #..#.#
#.####....# #..#.#
#.##......#
.###..#.###.........#
............#..._..##
.####.########.....#


There were no monsters in sight!

Vanquished Creatures
  A gnoll (D:1)
  2 dart slugs (D:1)
  3 endoplasms
  A giant cockroach (D:1)
  3 hobgoblins (D:1)
  3 jackals (D:1)
  3 quokkas
  A ball python (D:1)
  2 bats
  A frilled lizard (D:2)
  5 goblins
  3 kobolds (D:1)
  A rat (D:1)
29 creatures vanquished.

Notes
Turn   | Place    | Note
-------+----------+-------------------------------------------
     0 | D:1      | bananaken the Gargoyle Earth Elementalist began the quest
                  | for the Orb.
     0 | D:1      | Reached XP level 1. HP: 10/10 MP: 3/3
   224 | D:1      | Reached XP level 2. HP: 15/15 MP: 3/5
   319 | D:1      | Reached skill level 4 in Earth Magic
   319 | D:1      | Reached XP level 3. HP: 18/19 MP: 2/6
   323 | D:1      | Learned a level 3 spell: Stone Arrow
   458 | D:1      | Reached skill level 1 in Short Blades
  1112 | D:2      | Found a stormy altar of Qazlal.
  1123 | D:2      | Noticed Sigmund
  1125 | D:2      | Gained mutation: You have an increased reservoir of magic.
                  | (+10% MP) [potion of mutation]
  1125 | D:2      | Gained mutation: You are covered in fur. (AC +1) [potion of
                  | mutation]
  1125 | D:2      | Gained mutation: You are robust. (+10% HP) [potion of
                  | mutation]
  1145 | D:2      | Slain by Sigmund

Illustrated notes

Levels and vault maps discovered:
D:1:      heliophobic_arrival_ceremonial_halls, layout_basic, st_stairs_8,
          minmay_misc_feat_rows
D:2:      layout_loops_ring, basic_altar, uniq_terence, uniq_sigmund

Skill      XL: |  1  2  3 |
---------------+----------+-----
Earth Magic    | 4 |  4.1
Short Blades   | 1 |  1.1
Conjurations   | 2 |  2.1
Dodging        | |  1.5
Stealth        | |  2.1
Spellcasting   | |  2.4

Action                     || total
---------------------------++-------
  Melee: Dagger            ||     8
   Cast: Sandblast         ||    41
    Use: Potion            ||     3
         Scroll            ||     1
 Armour: Robe              ||    15
  Dodge: Dodged            ||     8

Table legend: (Time is in decaauts)
 A = Elapsed time spent in this place.
 B = Non-inter-level travel time spent in this place.
 C = Inter-level travel time spent in this place.
 D = Time resting spent in this place.
 E = Time spent auto-exploring this place.
 F = Levels seen in this place.
 G = Mean time per level.
                   A        B        C        D        E       F      G
               +--------+--------+--------+--------+--------+-----+--------+
         Total |   1163 |   1148 |     15 |    116 |    799 |   2 |  581.5 |
       Dungeon |   1163 |   1148 |     15 |    116 |    799 |   2 |  581.5 |
               +--------+--------+--------+--------+--------+-----+--------+

Top non-repeatable levels by time:
     D:1: 740 daAuts
     D:2: 422 daAuts
